NCAA
TEXAS A&M AGGIES @ MARYLAND TERRAPINS
06/02/2030
 
TOP OF THE 1ST
Texas A&M Aggies batting - Pitching for Maryland Terrapins : RHP Jeremiah Clark
Pitching: RHP Jeremiah Clark
Batting: RHB Mike Tate 0-0: Called Strike
0-1: Foul Ball, location: 2F
0-2: Foul Ball, location: 2F
0-2: Ball
1-2: Ball
2-2: Ground out 5-3 (Groundball, 56S)
Batting: LHB Richard Borges 0-0: Ball
1-0: Called Strike
1-1: Ball
2-1: Foul Ball, location: 2F
2-2: Fly out, F7 (Flyball, 7S)
Batting: LHB Jesse Callahan 0-0: Ball
1-0: Swinging Strike
1-1: SINGLE (Line Drive, 8LS)
Batting: RHB Greg Marshall 0-0: 2-RUN HOME RUN (Flyball, 7LD), Distance : 326 ft
Batting: RHB Bruce Holliday 0-0: Foul Ball, location: 2F
0-1: Ball
1-1: Ball
2-1: Fly out, F8 (Flyball, 8RM)
Top of the 1st over - 2 runs, 2 hits, 0 errors, 0 left on base; Texas A&M 2 - Maryland 0
BOTTOM OF THE 1ST
Maryland Terrapins batting - Pitching for Texas A&M Aggies : RHP Ernie Callahan
Pitching: RHP Ernie Callahan
Batting: SHB Philippe Paquin 0-0: Called Strike
0-1: Foul Ball, location: 2F
0-2: Ball
1-2: Ball
2-2: Strikes out swinging
Batting: LHB Winston Roberts 0-0: Ball
1-0: SOLO HOME RUN (Flyball, 7D), Distance : 360 ft
Batting: RHB Jeff O'Day 0-0: Ball
1-0: Ground out U3 (Groundball, 34)
Batting: SHB Will Allen 0-0: Called Strike
0-1: Foul Ball, location: 2F
0-2: Ground out 4-3 (Groundball, 4)
Bottom of the 1st over - 1 run, 1 hit, 0 errors, 0 left on base; Texas A&M 2 - Maryland 1
TOP OF THE 2ND
Texas A&M Aggies batting - Pitching for Maryland Terrapins : RHP Jeremiah Clark
Batting: RHB Nacho Rivera 0-0: Ball
1-0: Called Strike
1-1: Ball
2-1: Called Strike
2-2: Foul Ball, location: 2F
2-2: Ball
3-2: Fly out, F7 (Flyball, 7LMF)
Batting: SHB Orlando Ortíz 0-0: Called Strike
0-1: Foul Ball, location: 2F
0-2: Ball
1-2: Ball
2-2: Ball
3-2: Foul Ball, location: 2F
3-2: Foul Ball, location: 2F
3-2: Base on Balls
Pitching: RHP Álex Crus
Batting: RHB Randy Akers 0-0: Called Strike
Orlando Ortíz is caught stealing 2nd base
0-1: Ball
1-1: Fly out, F8 (Flyball, 8RD)
Top of the 2nd over - 0 runs, 0 hits, 0 errors, 0 left on base; Texas A&M 2 - Maryland 1
BOTTOM OF THE 2ND
Maryland Terrapins batting - Pitching for Texas A&M Aggies : RHP Ernie Callahan
Batting: RHB José Lazu 0-0: Called Strike
0-1: Ball
1-1: Swinging Strike
1-2: Strikes out swinging
Batting: RHB Kris Brown 0-0: Ball
1-0: Fly out, F9 (Flyball, 9S)
Batting: LHB Charlie Johnston 0-0: Called Strike
0-1: Foul Ball, location: 2F
0-2: Ball
1-2: SINGLE (Groundball, 6MD)
Batting: RHB Les McCarty 0-0: Ball
1-0: Called Strike
1-1: Hit by Pitch
Charlie Johnston to second
Batting: RHB Ben Barnes 0-0: Ball
1-0: Ball
2-0: Reached on error, E6 (Groundball, 6S)
Charlie Johnston scores
Les McCarty to third
Batting: SHB Philippe Paquin 0-0: Fly out, F7 (Flyball, 7)
Bottom of the 2nd over - 1 run, 1 hit, 1 error, 2 left on base; Texas A&M 2 - Maryland 2
TOP OF THE 3RD
Texas A&M Aggies batting - Pitching for Maryland Terrapins : RHP Álex Crus
Batting: RHB Jack Gillespie 0-0: SINGLE (Line Drive, 56D)
Batting: RHB Mike Tate 0-0: Fielders Choice at 2nd, 6-4 (Groundball, 6)
Batting: LHB Richard Borges 0-0: Called Strike
0-1: Ball
Wild Pitch!
Mike Tate to second
1-1: Foul Ball, location: 2F
1-2: Ball
2-2: Ball
3-2: Fly out, F7 (Flyball, 7LD)
Runner from 2nd tags up, SAFE at 3rd, no throw
Batting: LHB Jesse Callahan 0-0: Called Strike
0-1: Ball
1-1: Ball
2-1: Ball
3-1: Base on Balls
Batting: RHB Greg Marshall 0-0: Called Strike
0-1: Called Strike
0-2: Ball
1-2: Strikes out swinging
Top of the 3rd over - 0 runs, 1 hit, 0 errors, 2 left on base; Texas A&M 2 - Maryland 2
BOTTOM OF THE 3RD
Maryland Terrapins batting - Pitching for Texas A&M Aggies : RHP Ernie Callahan
Batting: LHB Winston Roberts 0-0: Fly out, F8 (Flyball, 8LS)
Batting: RHB Jeff O'Day 0-0: Ball
1-0: Ball
2-0: Called Strike
2-1: Foul Ball, location: 2F
2-2: SINGLE (Groundball, 4MD)
Batting: SHB Will Allen 0-0: Ball
Jeff O'Day is caught stealing 2nd base
1-0: Called Strike
1-1: Swinging Strike
1-2: Strikes out swinging
Bottom of the 3rd over - 0 runs, 1 hit, 0 errors, 0 left on base; Texas A&M 2 - Maryland 2
TOP OF THE 4TH
Texas A&M Aggies batting - Pitching for Maryland Terrapins : RHP Álex Crus
Batting: RHB Bruce Holliday 0-0: Ball
1-0: Ball
2-0: Called Strike
2-1: SINGLE (Line Drive, 78M)
Batting: RHB Nacho Rivera 0-0: Ball
1-0: Ground out 6-3 (Groundball, 6MS)
Bruce Holliday to second
Batting: SHB Orlando Ortíz 0-0: Called Strike
0-1: Ball
1-1: SINGLE (Line Drive, 8LS)
Bruce Holliday to third
Runner from 3rd tries for Home, SAFE, throw made home
Batting: RHB Randy Akers 0-0: Ball
1-0: Ball
2-0: Foul Ball, location: 2F
2-1: Ball
3-1: Fly out, F8 (Flyball, 8RD)
Batting: RHB Jack Gillespie 0-0: Called Strike
0-1: Ball
1-1: Called Strike
1-2: 2-RUN HOME RUN (Flyball, 7LD), Distance : 336 ft
Batting: RHB Mike Tate 0-0: Ball
1-0: Ball
2-0: Called Strike
2-1: Fly out, F8 (Flyball, 8LM)
Top of the 4th over - 3 runs, 3 hits, 0 errors, 0 left on base; Texas A&M 5 - Maryland 2
BOTTOM OF THE 4TH
Maryland Terrapins batting - Pitching for Texas A&M Aggies : RHP Ernie Callahan
Batting: RHB José Lazu 0-0: Called Strike
0-1: Ball
1-1: Ball
2-1: Swinging Strike
2-2: Ball
3-2: Strikes out swinging
Batting: RHB Kris Brown 0-0: Ball
1-0: Swinging Strike
1-1: Foul Ball, location: 2F
1-2: Ball
2-2: Ball
3-2: SINGLE (Flyball, 7S)
Batting: LHB Charlie Johnston 0-0: Ball
1-0: Swinging Strike
Kris Brown is caught stealing 2nd base
1-1: Ground out 3-1 (Groundball, 34S)
Bottom of the 4th over - 0 runs, 1 hit, 0 errors, 0 left on base; Texas A&M 5 - Maryland 2
TOP OF THE 5TH
Texas A&M Aggies batting - Pitching for Maryland Terrapins : RHP Álex Crus
Batting: LHB Richard Borges 0-0: Ball
1-0: Foul Ball, location: 2F
1-1: Ground out 4-3 (Groundball, 4)
Batting: LHB Jesse Callahan 0-0: Ball
1-0: Called Strike
1-1: Ball
2-1: Called Strike
2-2: Strikes out swinging
Batting: RHB Greg Marshall 0-0: Ball
1-0: Ball
2-0: Foul Ball, location: 2F
2-1: Foul Ball, location: 2F
2-2: Ground out 6-3 (Groundball, 6)
Top of the 5th over - 0 runs, 0 hits, 0 errors, 0 left on base; Texas A&M 5 - Maryland 2
BOTTOM OF THE 5TH
Maryland Terrapins batting - Pitching for Texas A&M Aggies : RHP Ernie Callahan
Batting: RHB Les McCarty 0-0: Ball
1-0: Fly out, F1 (Line Drive, 13)
Batting: RHB Ben Barnes 0-0: Ball
1-0: DOUBLE (Flyball, 9LM)
Batting: SHB Philippe Paquin 0-0: Called Strike
0-1: Ground out 5-3 (Groundball, 5L)
Batting: LHB Winston Roberts 0-0: Ball
1-0: SINGLE (Line Drive, 4D)
Ben Barnes to third
Runner from 3rd tries for Home, throw and OUT!
Bottom of the 5th over - 0 runs, 2 hits, 0 errors, 1 left on base; Texas A&M 5 - Maryland 2
TOP OF THE 6TH
Texas A&M Aggies batting - Pitching for Maryland Terrapins : RHP Álex Crus
Pitching: RHP David Wilson
Batting: RHB Bruce Holliday 0-0: Called Strike
0-1: Ball
1-1: Ball
2-1: Ground out 5-3 (Groundball, 5S)
Batting: RHB Nacho Rivera 0-0: Foul Ball, location: 2F
0-1: Called Strike
0-2: Ball
1-2: Strikes out looking
Batting: SHB Orlando Ortíz 0-0: Ball
1-0: Ball
2-0: Foul Ball, location: 2F
2-1: Called Strike
2-2: Ball
3-2: Fly out, F8 (Flyball, 8LD)
Top of the 6th over - 0 runs, 0 hits, 0 errors, 0 left on base; Texas A&M 5 - Maryland 2
BOTTOM OF THE 6TH
Maryland Terrapins batting - Pitching for Texas A&M Aggies : RHP Ernie Callahan
Batting: RHB Jeff O'Day 0-0: Ball
1-0: Ground out 5-3 (Groundball, 5)
Batting: SHB Will Allen 0-0: Called Strike
0-1: Fly out, F8 (Flyball, 8RD)
Batting: RHB José Lazu 0-0: Called Strike
0-1: Foul Ball, location: 2F
0-2: Ball
1-2: Strikes out swinging
Bottom of the 6th over - 0 runs, 0 hits, 0 errors, 0 left on base; Texas A&M 5 - Maryland 2
TOP OF THE 7TH
Texas A&M Aggies batting - Pitching for Maryland Terrapins : RHP David Wilson
Batting: RHB Randy Akers 0-0: Ball
1-0: Ball
2-0: Swinging Strike
2-1: Foul Ball, location: 2F
2-2: Foul Ball, location: 2F
2-2: Fly out, F7 (Flyball, 78D)
Batting: RHB Jack Gillespie 0-0: Ball
1-0: Ground out 4-3 (Groundball, 4)
Batting: RHB Mike Tate 0-0: Ball
1-0: Swinging Strike
1-1: Swinging Strike
1-2: Strikes out swinging
Top of the 7th over - 0 runs, 0 hits, 0 errors, 0 left on base; Texas A&M 5 - Maryland 2
BOTTOM OF THE 7TH
Maryland Terrapins batting - Pitching for Texas A&M Aggies : RHP Ernie Callahan
Batting: RHB Kris Brown 0-0: Called Strike
0-1: Foul Ball, location: 2F
0-2: Ball
1-2: Ball
2-2: Foul Ball, location: 2F
2-2: Foul Ball, location: 2F
2-2: Foul Ball, location: 2F
2-2: Ball
3-2: Ground out U3 (Groundball, 3S)
Batting: LHB Charlie Johnston 0-0: Ball
1-0: Foul Ball, location: 2F
1-1: Called Strike
1-2: Foul Ball, location: 2F
1-2: Ball
2-2: SINGLE (Groundball, 6) (infield hit)
Pitching: RHP John Slade
Batting: RHB Les McCarty 0-0: Ball
1-0: Swinging Strike
1-1: Swinging Strike
1-2: Foul Ball, location: 2F
1-2: Ball
2-2: Ball
3-2: Base on Balls
Charlie Johnston to second
Batting: RHB Ben Barnes 0-0: Ball
1-0: Swinging Strike
1-1: Ball
2-1: Ball
3-1: Base on Balls
Charlie Johnston to third
Les McCarty to second
Batting: SHB Philippe Paquin 0-0: Fielders Choice at 2nd, 3-6 (Groundball, 3)
Charlie Johnston scores
Les McCarty to third
Batting: LHB Winston Roberts 0-0: Ball
1-0: Ball
2-0: Ball
3-0: Called Strike
3-1: Base on Balls
Philippe Paquin to second
Batting: RHB Jeff O'Day 0-0: Ball
1-0: Swinging Strike
1-1: Ball
2-1: Ball
3-1: Called Strike
3-2: Strikes out swinging
Bottom of the 7th over - 1 run, 1 hit, 0 errors, 3 left on base; Texas A&M 5 - Maryland 3
TOP OF THE 8TH
Texas A&M Aggies batting - Pitching for Maryland Terrapins : RHP David Wilson
Pitching: LHP John Peters
Batting: LHB Richard Borges 0-0: Ball
1-0: Foul Ball, location: 2F
1-1: Foul Ball, location: 2F
1-2: Foul Ball, location: 2F
1-2: Ball
2-2: Strikes out looking
Batting: LHB Jesse Callahan 0-0: Ball
1-0: Ball
2-0: Called Strike
2-1: Foul Ball, location: 2F
2-2: Ball
3-2: Fly out, F2 (Popup, 23F)
Pitching: RHP Matt Harrison
Batting: RHB Greg Marshall 0-0: Ball
1-0: Called Strike
1-1: Foul Ball, location: 2F
1-2: SINGLE (Groundball, 34D)
Batting: RHB Bruce Holliday 0-0: Ball
1-0: Ball
2-0: Ball
Wild Pitch!
Greg Marshall to second
3-0: Intentional Walk
Pinch Hitting: RHB Joaquín Soto 0-0: Ball
1-0: Ball
2-0: Ball
3-0: Base on Balls
Greg Marshall to third
Bruce Holliday to second
Batting: SHB Orlando Ortíz 0-0: Called Strike
0-1: Fielders Choice at 2nd, 5-4 (Groundball, 56)
Top of the 8th over - 0 runs, 1 hit, 0 errors, 3 left on base; Texas A&M 5 - Maryland 3
BOTTOM OF THE 8TH
Maryland Terrapins batting - Pitching for Texas A&M Aggies : RHP John Slade
Pitching: RHP Johnny Jacobs
Now at 3B: Todd Slater
Batting: SHB Will Allen 0-0: Foul Ball, location: 2F
0-1: Called Strike
0-2: Ball
1-2: Strikes out swinging
Batting: RHB José Lazu 0-0: DOUBLE (Line Drive, 89M)
Batting: RHB Kris Brown 0-0: Called Strike
0-1: Foul Ball, location: 2F
0-2: Fly out, F3 (Popup, 23F)
Batting: LHB Charlie Johnston 0-0: Ball
1-0: Called Strike
1-1: Foul Ball, location: 2F
1-2: Ball
2-2: Ball
3-2: Base on Balls
Pinch Hitting: LHB Michael Wilson 0-0: Ball
1-0: Ball
2-0: Ball
3-0: Base on Balls
José Lazu to third
Charlie Johnston to second
Pinch Hitting: RHB Fred Taylor 0-0: Swinging Strike
Balk!
José Lazu scores
Charlie Johnston to third
Michael Wilson to second
0-1: Ground out 5-3 (Groundball, 56)
Bottom of the 8th over - 1 run, 1 hit, 0 errors, 2 left on base; Texas A&M 5 - Maryland 4
TOP OF THE 9TH
Texas A&M Aggies batting - Pitching for Maryland Terrapins : RHP Matt Harrison
Now at 1B: Fred Taylor
Now in RF: Michael Wilson
Batting: RHB Randy Akers 0-0: Ball
1-0: Ground out 3-1 (Groundball, 34)
Batting: RHB Jack Gillespie 0-0: Ball
1-0: Called Strike
1-1: Called Strike
1-2: Ball
2-2: Strikes out looking
Batting: RHB Mike Tate 0-0: Ball
1-0: Ball
2-0: Ball
3-0: Base on Balls
Batting: LHB Richard Borges 0-0: Ball
Mike Tate steals 2nd base
1-0: Ball
2-0: Fly out, F7 (Flyball, 7)
Top of the 9th over - 0 runs, 0 hits, 0 errors, 1 left on base; Texas A&M 5 - Maryland 4
BOTTOM OF THE 9TH
Maryland Terrapins batting - Pitching for Texas A&M Aggies : RHP Johnny Jacobs
Batting: SHB Philippe Paquin 0-0: Ball
1-0: Ball
2-0: Swinging Strike
2-1: Swinging Strike
2-2: Foul Ball, location: 2F
2-2: Strikes out looking
Batting: LHB Winston Roberts 0-0: Ball
1-0: Called Strike
1-1: Ball
2-1: Swinging Strike
2-2: Ball
3-2: SINGLE (Groundball, 56) (infield hit)
Batting: RHB Jeff O'Day 0-0: Grounds into double play, 4-6-3 (Groundball, 4)
Bottom of the 9th over - 0 runs, 1 hit, 0 errors, 0 left on base; Texas A&M 5 - Maryland 4
Saturday, April 7th, 2018 - OOTP Baseball 18.8 Build 76